 Dungeon Crawl Stone Soup version 0.16.1 (webtiles) character file.

376 Meow the Conjurer (level 6, 37/42 HPs)
             Began as an Octopode Wizard on Mar 25, 2015.
             Quit the game in a sewer.
             The game lasted 00:15:19 (3955 turns).

Meow the Conjurer (Octopode Wizard)                 Turns: 3955, Time: 00:15:19

Health: 37/42      AC:  1    Str:  6    XL:     6   Next: 73%
Magic:  12/12      EV: 13    Int: 22    God:
Gold:   280        SH:  0    Dex: 11    Spells: 4 memorised, 3 levels left

rFire  . . .     SeeInvis .     a - +0 war axe (venom)
rCold  . . .     Clarity  .     (no shield)
rNeg   . . .     SustAb   .     b - +0 hat
rPois  .         Gourm    .     (no amulet)
rElec  .         Spirit   .     (no ring)
rCorr  .         Warding  .     (no ring)
rMut   .         Stasis   .     (no ring)
MR     .....                    (no ring)
Stlth  +++.......               (no ring)
                                (no ring)
                                (no ring)
                                (no ring)

@: not resistant to hostile enchantments, fairly stealthy
A: almost no armour, amphibious, 8 rings, constrict 8, camouflage 1, gelatinous
body 1
a: no special abilities


You were in a sewer.
You were hungry.

You visited 1 branch of the dungeon, and saw 4 of its levels.
You also visited: Sewer.

You collected 280 gold pieces.

Inventory:

Hand weapons
 a - a +0 war axe of venom (weapon)
 k - a +0 dagger of flaming
 x - a +0 trident
Armour
 b - a +0 hat (worn)
Jewellery
 s - an uncursed ring of teleportation
Magical devices
 t - a wand of digging (8)
Scrolls
 e - 8 scrolls of identify
 f - a scroll of teleportation
 l - a scroll of fog {unknown}
 m - 2 scrolls of remove curse
 v - a scroll of noise {unknown}
Potions
 g - 3 potions of brilliance {unknown}
 i - 5 potions of heal wounds {unknown}
 j - 7 potions of curing {unknown}
 o - a potion of decay {unknown}
 p - a potion of cure mutation {unknown}
 q - 2 potions of flight {unknown}
 u - a potion of agility {unknown}
Books
 c - a book of Minor Magic

   Spells                             Type                      Level
   a - Magic Dart                     Conjuration                  1
   b - Blink                          Translocation                2
   c - Call Imp                       Summoning                    2
   d - Repel Missiles                 Charms/Air                   2
   e - Slow                           Hexes                        2
   f - Conjure Flame                  Conjuration/Fire             3
   g - Mephitic Cloud                 Conjuration/Poison/Air       3
 r - a book of the Earth

   Spells                             Type                      Level
   a - Leda's Liquefaction            Hexes/Earth                  4
   b - Bolt of Magma                  Conjuration/Fire/Earth       5
   c - Statue Form                    Transmutation/Earth          6
   d - Iron Shot                      Conjuration/Earth            6
   e - Shatter                        Earth                        9
Comestibles
 d - 3 bread rations
 h - a beef jerky
 n - 2 fruits
 w - a meat ration


   Skills:
 + Level 3.1 Fighting
 + Level 3.6 Dodging
 - Level 2.6 Stealth
 - Level 3.0 Spellcasting
 + Level 4.6 Conjurations
   Level 1.0 Summonings
   Level 1.0 Translocations
 - Level 1.0 Poison Magic


You had 3 spell levels left.
You knew the following spells:

 Your Spells              Type           Power        Failure   Level  Hunger
a - Magic Dart            Conj           ###.         1%          1    None
c - Mephitic Cloud        Conj/Pois/Air  ##......     17%         3    ###....
f - Repel Missiles        Chrm/Air       #.....       21%         2    ##.....
s - Slow                  Hex            #.......     21%         2    ##.....


Dungeon Overview and Level Annotations

Branches:
Dungeon (4/15)
 Temple: D:4-7

Altars:
Elyvilon
Sif Muna
Yredelemnul


Innate Abilities, Weirdness & Mutations

You cannot wear most types of armour.
You are amphibious.
You can wear up to eight rings at the same time.
You can use your tentacles to constrict many enemies at once.
Your skin changes colour to match your surroundings (Stealth).
Your rubbery body absorbs attacks (AC +1).


Message History

The kobold shouts!
The kobold moves out of view.
Found a murky silvery potion and 2 purple potions. 2 kobolds come into view.
There are monsters nearby!
The kobold shouts! x4
Found 2 murky silvery potions and a scroll of teleportation.
There is an open door here.
The kobold throws a stone.
The stone misses you.
You are feeling hungry.
You hit the kobold!
You kill the kobold!
You closely miss the kobold. You grab the kobold. You constrict the kobold.
The kobold struggles to escape constriction.
The kobold hits you.
You hit the kobold!
You kill the kobold!
The kobold throws a stone.
The stone hits you.
The kobold throws a stone.
The stone closely misses you.
Are you sure you want to abandon this character and quit the game? (Confirm with "yes".)

≈≈≈≈≈≈≈≈≈≈≈≈≈ ≈≈≈≈
≈≈≈≈≈≈≈≈≈≈≈≈≈≈≈≈≈#
≈≈≈≈≈≈≈≈≈≈≈≈≈≈≈≈≈≈#
....≈≈≈≈≈≈≈≈≈≈≈≈≈#≈#
...##....≈≈##≈≈≈≈≈#
..####.....(##≈≈≈#### ##≈
.†##........(..≈≈#..#!!#≈
.................#....!#≈≈
#.....###....†..@KK...#
##..### ##.......#K...!#≈≈
#### ######..#..#?!#≈
####### ##≈


You could see 3 kobolds.

Vanquished Creatures
  A big kobold (Sewer)
  A hound (D:4)
  An orc wizard (D:3)
  4 river rats (Sewer)
  9 adders
  A giant mite (D:4)
  3 worms
  2 giant geckos
  2 oozes
  4 orcs
  7 giant cockroaches
  11 hobgoblins
  6 ball pythons
  5 bats
  4 giant newts
  9 goblins
  19 kobolds
  A quokka (D:4)
  28 rats
118 creatures vanquished.

Notes
Turn   | Place    | Note
--------------------------------------------------------------
     0 | D:1      | Meow, the Octopode Wizard, began the quest for the Orb.
     0 | D:1      | Reached XP level 1. HP: 11/11 MP: 4/4
   175 | D:1      | Reached skill level 1 in Fighting
   235 | D:1      | Reached XP level 2. HP: 18/18 MP: 3/6
  1251 | D:2      | Reached XP level 3. HP: 23/23 MP: 0/7
  1256 | D:2      | Learned a level 3 spell: Mephitic Cloud
  1259 | D:2      | Learned a level 2 spell: Repel Missiles
  1700 | D:2      | Reached XP level 4. HP: 29/29 MP: 5/9
  1704 | D:2      | Learned a level 2 spell: Slow
  2078 | D:3      | Found a basalt altar of Yredelemnul.
  2268 | D:3      | Found a deep blue altar of Sif Muna.
  2504 | D:3      | Reached XP level 5. HP: 31/35 MP: 2/11
  2804 | D:4      | Found a white marble altar of Elyvilon.
  2882 | D:4      | Reached skill level 1 in Poison Magic
  3068 | D:4      | Found a glowing drain.
  3151 | Sewer    | Entered a sewer
  3165 | Sewer    | Reached XP level 6. HP: 39/41 MP: 4/12
  3179 | Sewer    | Reached skill level 4 in Conjurations
  3955 | Sewer    | Quit the game

Action                   |  1- 3 |  4- 6 || total
-------------------------+-------+-------++-------
Melee: Unarmed           |     6 |       ||     6
       Club              |    11 |       ||    11
       Dagger            |    14 |    20 ||    34
       Short sword       |     4 |       ||     4
       Trident           |       |    22 ||    22
       War axe           |       |    41 ||    41
 Cast: Magic Dart        |    53 |   111 ||   164
       Mephitic Cloud    |       |    11 ||    11
  Use: Scroll            |       |     5 ||     5
 Stab: Sleeping          |     2 |     3 ||     5
       Confused          |       |     2 ||     2
  Eat: Chunk             |     2 |     8 ||    10
